 Dungeon Crawl Stone Soup version 0.16-a0-327-gbff0e38 (webtiles) character file.

107369 Ratboiler the End of an Era (level 16, -12/126 HPs)
             Began as a Vine Stalker Transmuter on Sept 5, 2014.
             Was the Champion of Qazlal.
             Mangled by namelastname112's ghost (21 damage)
             ... on Level 3 of the Snake Pit.
             The game lasted 02:44:00 (28615 turns).

Ratboiler the End of an Era (VSTm)                 Turns: 28615, Time: 02:44:00

HP -12/126       AC 18     Str 21      XL: 16   Next: 46%
MP   0/33        EV 23     Int 13      God: Qazlal [******]
Gold 1563        SH  8     Dex 24      Spells:  6 memorised,  2 levels left

rFire  . . .     SeeInvis .       - Unarmed
rCold  + . .     Clarity  .     G - +3 leather armour
rNeg   . . .     rCorr    .     (shield currently unavailable)
rPois  +         rRot     +     g - +4 helmet of the Vacuum {+Rage Slay+4}
rElec  +         Spirit   +     w - +1 cloak
SustAb .         Warding  .     L - melded +1 pair of gloves
rMut   .         Stasis   .     (no boots)
Gourm  .                        T - amulet of faith
MR     ++...                    H - ring "Brij" {rElec rC+ Str+3}
                                I - ring of poison resistance

@: berserking, blade hands, protected from physical damage, repel missiles,
drained, very quick, very resistant to hostile enchantments, extremely
unstealthy
A: fangs 3, agile 1, regeneration 3, magic shield, antimagic bite, no device
heal 3, rot immunity
a: End Transformation, Upheaval, Elemental Force, Disaster Area, Renounce
Religion, Evoke Berserk Rage


You were on level 3 of the Snake Pit.
You worshipped Qazlal.
Qazlal was exalted by your worship.
You were not hungry.
Your hands were blades.
You visited 4 branches of the dungeon, and saw 27 of its levels.
You also visited: Volcano.

You collected 2639 gold pieces.
You spent 1076 gold pieces at shops.

Inventory:

Hand weapons
 c - a +2 blowgun of evasion
Missiles
 a - 12 curare-tipped needles
 b - 197 arrows
 h - 19 stones (quivered)
Armour
 g - the +4 helmet of the Vacuum (worn) {+Rage Slay+4}
   (You acquired it on level 8 of the Lair of Beasts)

   It affects your accuracy and damage with ranged weapons and melee attacks
   (+4).
   It lets you go berserk.
 w - a +1 cloak (worn)
 G - a +3 leather armour (worn)
 L - a +1 pair of gloves (melded)
Magical devices
 m - a wand of digging (13)
 C - a wand of digging (16)
 E - a wand of disintegration (9)
 M - a wand of draining (5)
 O - a wand of teleportation (4)
 U - a wand of disintegration (1)
Comestibles
 i - 15 bread rations
 j - 2 rotting chunks of black mamba flesh
 B - 2 meat rations
Scrolls
 k - 6 scrolls of remove curse
 l - 6 scrolls of fog
 p - a scroll of enchant weapon
 t - 2 scrolls of magic mapping
 v - a scroll of summoning
 x - 2 scrolls of blinking
 P - 7 scrolls of teleportation
 V - 3 scrolls of immolation
 Y - 3 scrolls of fear
Jewellery
 d - an uncursed amulet of the gourmand {unknown}
 o - an uncursed amulet of warding {unknown}
 u - an uncursed ring of sustain abilities
 H - the ring "Brij" (right scythe-like blade) {rElec rC+ Str+3}
   (You bought it in a shop on level 4 of the Orcish Mines)

   [ring of strength]

   It affects your strength (+3).
   It protects you from cold.
   It insulates you from electricity.
 I - a ring of poison resistance (left scythe-like blade)
 R - an uncursed ring of protection from cold
 T - an amulet of faith (around neck)
 Z - an uncursed amulet of resist mutation {unknown}
Potions
 f - a potion of invisibility
 n - 8 potions of brilliance {unknown}
 q - a potion of restore abilities
 s - 4 potions of curing
 y - 3 potions of agility
 z - 2 potions of cure mutation
 A - 8 potions of flight {unknown}
 F - 4 potions of might {unknown}
 J - 2 potions of cancellation
 K - 3 potions of poison {unknown}
 Q - a potion of berserk rage
 X - a potion of resistance
Books
 e - a book of Frost

   Spells                             Type                      Level
   Freeze                             Ice                          1
   Throw Frost                        Conjuration/Ice              2
   Ozocubu's Armour                   Charms/Ice                   3
   Throw Icicle                       Conjuration/Ice              4
   Summon Ice Beast                   Ice/Summoning                4
   Condensation Shield                Ice                          4


   Skills:
 * Level 9.2(8.5) Fighting
 * Level 9.9(9.2) Armour
 + Level 11.1(10.3) Dodging
 - Level 11.6(10.8) Unarmed Combat
 - Level 2.2(1.6) Spellcasting
 - Level 11.5(10.7) Transmutations
 * Level 14.0(13.2) Invocations


You had 2 spell levels left.
You knew the following spells:

 Your Spells              Type           Power        Failure   Level  Hunger
a - Beastly Appendage     Trmt           ####..       12%         1    ##.....
b - Sticks to Snakes      Trmt           ####......   12%         2    ###....
c - Spider Form           Trmt/Pois      ###.......   50%         3    ####...
d - Blade Hands           Trmt           ####......   50%         5    ######.
e - Ice Form              Ice/Trmt       ###.....     77%         4    #####..
f - Blink                 Tloc           N/A          86%         2    ###....


Dungeon Overview and Level Annotations

Branches:
Dungeon (12/15)            Temple (0/1) D:7             Orc (4/4) D:12
    Elf (0/3) Orc:3          Lair (8/8) D:9           Swamp (0/5) Lair:5
  Snake (3/5) Lair:4        Slime (0/6) Lair:6

Altars:
Ashenzari
Cheibriados
Dithmenos
Fedhas
Kikubaaqudgha
Makhleb
Nemelex Xobeh
Qazlal
Sif Muna
Trog
Vehumet
Xom
The Shining One
Beogh
Jiyva

Shops:
Orc:4 ==[((   Snake:1 *   Snake:2 =

Portals:
Trove: D:11 (give +4 storm dragon armour)

Annotations:
D:2 Sigmund
D:3 Grinder
D:4 Eustachio, Pikel
D:12 Maurice
Lair:1 exclusion: oklob plant
Snake:3 namelastname112's ghost, mighty DrMo


Innate Abilities, Weirdness & Mutations

You have razor-sharp teeth.
You regenerate.
When hurt, damage is shared between your health and your magic reserves.
Your bite disrupts and absorbs the magic of your enemies.
Potions and wands cannot restore your health.
You are immune to rotting.
You are agile. (Dex +2)


Message History

Namelastname112's ghost is severely damaged.
Namelastname112's ghost misses you.
You slash namelastname112's ghost!
Namelastname112's ghost is almost destroyed.
You barely miss namelastname112's ghost.
Your bite misses namelastname112's ghost.
Namelastname112's ghost is almost destroyed.
Namelastname112's ghost hits you!!
* * * LOW HITPOINT WARNING * * *
You feel protected from physical attacks.
You barely miss namelastname112's ghost.
You bite namelastname112's ghost. You drain its power.
You feel invigorated.
Namelastname112's ghost is almost destroyed.
A naga comes into view. It is wielding a trident.
You miss namelastname112's ghost.
You slash namelastname112's ghost, but do no damage.
You bite namelastname112's ghost! You drain its power.
You feel invigorated.
Namelastname112's ghost is almost destroyed.
Namelastname112's ghost hits you!!
You die...

.....).<......... ....
##.##.##)##...###
...## ....#.....#...#
...#..
....+.....#...## ..$..
.%..#..........# ...#
....#..........###...#
....#.....#..........#
....#.....#...§..W...#
..(.#.....#...§.@(§..#
....#.....#...§###§N.#
..§.#.....#....# ...#
....#.....##..## ...#
....#...§.##..# S..#
.§§#####.###..## ....
...###......[..# ....
..../..........# .
...............#


You could see a naga and namelastname112's ghost.

Vanquished Creatures
  Saint Roka (Orc:4)
  A sphinx (D:12)
  Donald (Orc:4)
  Azrael (Snake:1)
  3 dire elephants (Lair:8)
  Snorg (Lair:4)
  A fire dragon (D:12)
  2 naga warriors (Snake:2)
  7 hydras
  An ice dragon (Lair:8)
  Harold (Lair:3)
  4 anacondas
  6 death yaks
  An orc high priest (Orc:4)
  5 naga sharpshooters
  3 shock serpents
  Nergalle (Lair:8)
  A fire crab (Lair:8)
  2 naga ritualists
  An ice statue (Lair:8)
  A sea snake (Snake:2)
  2 orc knights (Orc:4)
  An ugly thing (Volcano)
  7 griffons
  A hill giant (D:12)
  A red wasp (D:12)
  7 mana vipers
  3 orc sorcerers
  2 salamanders (Snake:1)
  10 elephants
  2 manticores
  2 molten gargoyles (Volcano)
  31 black mambas
  14 spiny frogs
  2 gargoyles
  7 komodo dragons
  2 fire drakes
  An item mimic (Volcano)
  6 naga magi
  A kobold demonologist (D:12)
  2 trolls (Orc:2)
  Sonja (Orc:4)
  3 polar bears
  3 giant leeches (Lair:5)
  A fire vortex (Volcano)
  7 basilisks
  18 blink frogs
  A fire elemental (Snake:1)
  3 water elementals (D:12)
  A hill giant zombie (D:12)
  6 hippogriffs
  2 wraiths (D:11)
  2 hungry ghosts (D:7)
  Grum (Orc:4)
  2 fire bats (Volcano)
  A steam dragon (D:12)
  2 wyverns (Lair:8)
  54 yaks
  A spriggan (D:7)
  3 vampire mosquitoes (D:12)
  4 wargs
  A swamp worm (Lair:5)
  15 nagas
  32 water moccasins
  8 hell hounds
  A human skeleton (D:12)
  32 orc warriors
  16 wolves
  An ogre skeleton (D:12)
  A black bear (D:9)
  3 sky beasts
  7 porcupines
  A necrophage (D:10)
  4 ogres
  A phantom (D:5)
  12 crocodiles
  10 centaurs
  12 ice beasts
  2 boring beetles
  2 big kobolds
  A cyclops zombie (D:9)
  2 earth elementals (Volcano)
  16 giant frogs
  7 scorpions
  12 killer bees
  3 electric eels (Snake:2)
  A cyclops skeleton (D:12)
  2 vampire bats (Lair:5)
  5 wights (D:6)
  3 lava snakes (Volcano)
  3 goliath beetles
  6 crimson imps
  5 hounds
  3 jellies
  A quasit (D:9)
  A centaur zombie (D:5)
  6 iguanas
  28 orc priests
  A centaur skeleton (D:9)
  30 orc wizards
  7 worker ants
  15 sheep
  2 ogre zombies (D:11)
  Ijyb (D:4)
  A big kobold skeleton (D:11)
  Terence (D:2)
  22 adders
  4 gnolls (D:2)
  38 green rats
  2 giant mites
  2 shadow imps
  2 white imps (Lair:8)
  2 ufetubi (D:12)
  A worm (D:3)
  7 giant geckos
  203 orcs
  A ball python (D:2)
  A bat zombie (D:6)
  2 giant cockroaches
  20 goblins
  18 hobgoblins
  7 jackals
  12 quokkas
  22 bats
  6 giant newts
  A giant newt skeleton (D:4)
  A giant spore (D:9)
  A hobgoblin skeleton (D:4)
  17 kobolds
  3 orc skeletons
  An orc zombie (D:7)
  20 rats
  A ballistomycete (D:9)
  75 fungi
  60 plants
1141 creatures vanquished.

Vanquished Creatures (collateral kills)
  A hill giant (D:11)
  3 gnolls (D:2)
4 creatures vanquished.

Vanquished Creatures (others)
  A naga mage (Snake:2)
  8 fungi
  8 plants
17 creatures vanquished.

Grand Total: 1162 creatures vanquished

Notes
Turn   | Place    | Note
--------------------------------------------------------------
     0 | D:1      | Ratboiler, the Vine Stalker Transmuter, began the quest for the Orb.
     0 | D:1      | Reached XP level 1. HP: 9/9 MP: 3/3
   132 | D:1      | Reached skill level 1 in Fighting
   326 | D:1      | Reached XP level 2. HP: 8/14 MP: 1/5
   379 | D:1      | Learned a level 2 spell: Sticks to Snakes
  1086 | D:2      | Noticed Sigmund
  1164 | D:2      | Reached XP level 3. HP: 14/18 MP: 0/7
  1377 | D:2      | Noticed Terence
  1431 | D:2      | Killed Terence
  1431 | D:2      | Reached XP level 4. HP: 15/22 MP: 8/8
  1866 | D:2      | Reached XP level 5. HP: 12/25 MP: 8/11
  2055 | D:2      | Reached skill level 4 in Unarmed Combat
  2477 | D:3      | Found a stormy altar of Qazlal.
  2481 | D:3      | Found a blossoming altar of Fedhas.
  2482 | D:3      | Noticed Grinder
  2482 | D:3      | Paralysed by Grinder for 7 turns
  2619 | D:3      | Became a worshipper of Qazlal Stormbringer
  2714 | D:3      | Found a glowing golden altar of the Shining One.
  2897 | D:3      | Found a bloodstained altar of Trog.
  3196 | D:3      | Learned a level 3 spell: Spider Form
  3308 | D:4      | Noticed Ijyb
  3321 | D:4      | Killed Ijyb
  3454 | D:4      | Acquired Qazlal's first power
  3484 | D:4      | Noticed a slave
  3635 | D:4      | Gained mutation: You heal very quickly. [vine stalker growth]
  3635 | D:4      | Reached XP level 6. HP: 26/30 MP: 12/12
  3721 | D:4      | Found a sparkling altar of Nemelex Xobeh.
  3721 | D:4      | Noticed Eustachio
  3961 | D:4      | Noticed a slave
  3961 | D:4      | Noticed a slave
  3961 | D:4      | Noticed a slave
  3962 | D:4      | Noticed Pikel
  3972 | D:5      | Entered Level 5 of the Dungeon
  3975 | D:5      | Reached skill level 5 in Unarmed Combat
  3981 | D:5      | Found a shattered altar of Ashenzari.
  4123 | D:5      | Gained mutation: You are agile. (Dex +2) [potion of beneficial mutation]
  4227 | D:5      | Reached skill level 5 in Transmutations
  4301 | D:5      | Reached XP level 7. HP: 26/33 MP: 14/14
  4780 | D:5      | Acquired Qazlal's second power
  4890 | D:5      | Found a deep blue altar of Sif Muna.
  5054 | D:6      | Reached skill level 6 in Unarmed Combat
  5297 | D:6      | Gained mutation: You have razor-sharp teeth. [vine stalker growth]
  5297 | D:6      | Reached XP level 8. HP: 37/37 MP: 14/16
  5624 | D:6      | Reached skill level 7 in Unarmed Combat
  6058 | D:6      | Found a snail-covered altar of Cheibriados.
  6351 | D:7      | Found a staircase to the Ecumenical Temple.
  6521 | D:7      | Reached skill level 8 in Unarmed Combat
  6594 | D:7      | Reached XP level 9. HP: 31/41 MP: 10/18
  6694 | D:7      | Found an ancient bone altar of Kikubaaqudgha.
  7158 | D:7      | Found a burning altar of Makhleb.
  7187 | D:7      | Reached skill level 9 in Unarmed Combat
  7320 | D:7      | Acquired Qazlal's third power
  7486 | D:7      | Found a shadowy altar of Dithmenos.
  7489 | D:7      | Found a shattered altar of Ashenzari.
  7521 | D:8      | Found Stics' General Store.
  7523 | D:8      | Stics' General Store was a mimic.
  7937 | D:8      | Found a radiant altar of Vehumet.
  8386 | D:8      | Learned a level 5 spell: Blade Hands
  8492 | D:9      | Found a shimmering altar of Xom.
  8492 | D:9      | Found a shimmering altar of Xom.
  8492 | D:9      | Found a shimmering altar of Xom.
  8493 | D:9      | Found a shimmering altar of Xom.
  8493 | D:9      | Found a shimmering altar of Xom.
  8495 | D:9      | Noticed a komodo dragon
  8495 | D:9      | a baby alligator changed into a komodo dragon
  8505 | D:9      | Noticed a mana viper
  8509 | D:9      | Noticed a death drake
  8509 | D:9      | a mana viper changed into a death drake
  8516 | D:9      | Noticed a ghost crab
  8615 | D:9      | Noticed a death yak
  8636 | D:9      | Noticed a black mamba
  8665 | D:9      | Killed a death yak
  8665 | D:9      | Reached skill level 10 in Unarmed Combat
  8665 | D:9      | Reached skill level 10 in Transmutations
  8665 | D:9      | Reached XP level 10. HP: 28/45 MP: 17/18
  9044 | D:9      | Acquired Qazlal's fourth power
  9068 | D:9      | Learned a level 2 spell: Repel Missiles
  9105 | D:9      | Found a staircase to the Lair.
  9430 | D:10     | Entered Level 10 of the Dungeon
  9651 | D:10     | Reached skill level 11 in Unarmed Combat
 10816 | Lair:1   | Entered Level 1 of the Lair of Beasts
 10841 | Lair:1   | Reached skill level 1 in Armour
 10844 | Lair:1   | Reached XP level 11. HP: 29/50 MP: 17/20
 10983 | Lair:1   | Acquired Qazlal's fifth power
 11200 | Lair:1   | Noticed an oklob plant
 11364 | Lair:1   | Noticed an eight-headed hydra
 11429 | D:11     | Noticed a manticore
 11438 | D:11     | HP: 1/51 [manticore (15)]
 12331 | D:11     | Noticed a hill giant
 12367 | D:11     | Killed a hill giant
 12561 | D:11     | Killed a manticore
 12575 | D:11     | Found a portal to a secret trove of treasure.
 12756 | D:12     | Reached skill level 5 in Dodging
 12801 | D:12     | Noticed a hill giant
 12932 | D:12     | Killed a hill giant
 12946 | D:12     | Found a staircase to the Orcish Mines.
 12987 | Orc:1    | Entered Level 1 of the Orcish Mines
 12996 | Orc:1    | Noticed Maurice
 13735 | Orc:2    | Found a roughly hewn altar of Beogh.
 13751 | Orc:2    | Gained mutation: You regenerate. [vine stalker growth]
 13751 | Orc:2    | Reached XP level 12. HP: 21/56 MP: 9/21
 14213 | Orc:3    | Found a staircase to the Elven Halls.
 14599 | Orc:4    | Entered Level 4 of the Orcish Mines
 14605 | Orc:4    | Noticed Grum
 14639 | Orc:4    | Killed Grum
 14806 | Orc:4    | Reached skill level 5 in Armour
 14923 | Orc:4    | Noticed an orc high priest
 15052 | Orc:4    | Found a roughly hewn altar of Beogh.
 15057 | Orc:4    | Noticed Sonja
 15091 | Orc:4    | Killed Sonja
 15146 | Orc:4    | Noticed Donald
 15217 | Orc:4    | Killed an orc high priest
 15355 | Orc:4    | Found a roughly hewn altar of Beogh.
 15360 | Orc:4    | Found Gueddaitt's Jewellery Emporium.
 15594 | Orc:4    | Killed Donald
 15777 | Orc:4    | Reached skill level 1 in Invocations
 15859 | Orc:4    | Noticed Saint Roka
 16123 | Orc:4    | Killed Saint Roka
 16123 | Orc:4    | Reached XP level 13. HP: 18/59 MP: 6/23
 16244 | Orc:4    | Reached skill level 5 in Invocations
 16296 | Orc:4    | Found Bifot's Antique Armour Shoppe.
 16296 | Orc:4    | Found a roughly hewn altar of Beogh.
 16300 | Orc:4    | Found Shyoqukk's Antique Weapon Emporium.
 16311 | Orc:4    | Bought a faintly glowing robe for 199 gold pieces
 16322 | Orc:4    | Identified the +2 robe of Light {Dex-3} (You bought it in a shop on level 4 of the Orcish Mines)
 16391 | Orc:4    | Found a roughly hewn altar of Beogh.
 16391 | Orc:4    | Found Urookid's Antique Weapon Emporium.
 16479 | Orc:4    | Found a roughly hewn altar of Beogh.
 16584 | Orc:4    | Found a roughly hewn altar of Beogh.
 16860 | Orc:4    | Found a roughly hewn altar of Beogh.
 16861 | Orc:4    | Found Juimur's Jewellery Boutique.
 16869 | Orc:4    | Bought a cursed ring of loudness for 58 gold pieces
 16869 | Orc:4    | Bought a cursed -3 ring of strength for 26 gold pieces
 16869 | Orc:4    | Bought the ring "Brij" {rElec rC+ Str+3} for 477 gold pieces
 16869 | Orc:4    | Bought an uncursed ring of poison resistance for 260 gold pieces
 17388 | Lair:1   | Killed an eight-headed hydra
 18802 | Lair:3   | Noticed Harold
 18804 | Lair:3   | Killed Harold
 18965 | Lair:3   | Reached skill level 10 in Invocations
 19677 | Lair:4   | Found a staircase to the Snake Pit.
 19715 | Lair:4   | Reached XP level 14. HP: 41/63 MP: 12/29
 19763 | Lair:4   | Noticed Snorg
 19773 | Lair:4   | Killed Snorg
 21357 | Lair:5   | Found a staircase to the Swamp.
 21585 | Lair:6   | Found a staircase to the Slime Pits.
 21586 | Lair:6   | Found a viscous altar of Jiyva.
 22021 | Lair:6   | Reached skill level 5 in Fighting
 22721 | Lair:7   | Reached skill level 10 in Dodging
 23170 | Lair:4   | Reached skill level 12 in Invocations
 23322 | Lair:1   | Learned a level 4 spell: Ice Form
 23325 | Lair:1   | Learned a level 2 spell: Blink
 23918 | Lair:8   | Entered Level 8 of the Lair of Beasts
 23926 | Lair:8   | Noticed Nergalle
 24125 | Lair:8   | Reached XP level 15. HP: 51/74 MP: 25/31
 24185 | Lair:8   | Found a dark tunnel.
 24190 | Volcano  | Entered a volcano
 24248 | Volcano  | Found a radiant altar of Vehumet.
 24443 | Lair:8   | Killed Nergalle
 24650 | Lair:8   | Identified a scroll of acquirement
 24652 | Lair:8   | Got a pitted helmet
 24718 | Lair:8   | Identified the +4 helmet of the Vacuum {+Rage Slay+4} (You acquired it on level 8 of the Lair of Beasts)
 25127 | Lair:8   | Reached skill level 13 in Invocations
 26058 | D:12     | Noticed a sphinx
 26059 | D:12     | Paralysed by a sphinx for 4 turns
 26065 | D:12     | Noticed a fire dragon
 26067 | D:12     | Killed a sphinx
 26131 | D:12     | Killed a fire dragon
 26151 | D:12     | Noticed a fire giant
 26166 | D:12     | HP: 3/77 [fire giant/fireball (33)]
 26505 | Snake:1  | Entered Level 1 of the Snake Pit
 26591 | Snake:1  | Found Ucepario's General Store.
 26595 | Snake:1  | Bought a scroll of magic mapping for 56 gold pieces
 26864 | Snake:1  | Noticed Azrael
 26890 | Snake:1  | Killed Azrael
 27208 | Snake:1  | Reached XP level 16. HP: 82/82 MP: 33/33
 27217 | Snake:2  | Found Giariex's Jewellery Emporium.
 28386 | Snake:3  | Reached skill level 14 in Invocations
 28597 | Snake:3  | Noticed namelastname112's ghost (mighty DrMo)
 28615 | Snake:3  | Mangled by namelastname112's ghost

Action                   |  1- 3 |  4- 6 |  7- 9 | 10-12 | 13-15 | 16-18 || total
-------------------------+-------+-------+-------+-------+-------+-------++-------
Melee: Unarmed           |    70 |   205 |   315 |   626 |   927 |   149 ||  2292
 Fire: Blowgun           |       |       |       |     3 |       |       ||     3
Throw: Stone             |       |     3 |     5 |       |       |       ||     8
 Cast: Beastly Appendage |    14 |    18 |    24 |     5 |       |       ||    61
       Sticks to Snakes  |     6 |     1 |       |    27 |       |       ||    34
       Spider Form       |       |       |    13 |     1 |       |       ||    14
       Blade Hands       |       |       |     1 |    70 |    85 |    20 ||   176
       Ice Form          |       |       |       |       |     2 |       ||     2
Invok: Upheaval          |       |       |       |       |    42 |       ||    42
Evoke: Wand              |       |       |     8 |     7 |    11 |       ||    26
  Use: Scroll            |       |     3 |     3 |    17 |    20 |     1 ||    44
       Potion            |       |     1 |     2 |     5 |     2 |     1 ||    11
 Stab: Distracted        |       |       |       |     1 |     1 |       ||     2
  Eat: Chunk             |     2 |     6 |     7 |    37 |    40 |     8 ||   100
       Fruit             |       |     2 |       |       |       |       ||     2
       Meat ration       |       |     1 |     2 |     1 |     4 |     1 ||     9
       Pizza             |       |       |     1 |       |     1 |       ||     2
       Beef jerky        |       |       |       |     2 |     3 |     1 ||     6
       Royal jelly       |       |       |       |     1 |       |       ||     1
       Bread ration      |       |       |       |     1 |       |       ||     1
